Map: Old Republic LE

Players

sOs - Winner!

  • Race: Protoss Protoss

Scarlett

  • Race: Zerg Zerg

VOD

Have the link to the VOD?

Description

Time

  • Played on: Jan. 17, 2026, 1:18 a.m.
  • Length: 14:56
Show
View Real Time Build Order
Export as new Build Order

sOs Protoss - Winner!

Build Orders: 1 Gate Expand, Oracle Opening, Carriers 

Get SALT Encoding   

  12  0:00  Probe  
  13  0:12  Probe  
  14  0:19  Pylon  
  14  0:24  Probe  
  15  0:34  Probe  
  15  0:38  Gateway  
  15  0:42  Probe  
  16  0:47  Assimilator  
  17  0:51  Probe  
  18  1:04  Probe  
  19  1:08  Pylon  
  19  1:16  Probe  
  20  1:26  Nexus  
  20  1:34  Cybernetics Core  
  20  1:38  Probe  
  21  1:44  Assimilator  
  21  1:50  Probe  
  21  1:53  Pylon  
  22  2:01  Adept  
  22  2:02  Probe  
  23  2:15  Probe  
  26  2:17  Stargate  
  26  2:21  Adept  
  26  2:26  Warp Gate  
  26  2:28  Probe  
  29  2:39  Probe  
  29  2:40  Probe  
  31  2:51  Probe, Adept  
  32  2:52  Probe  
  32  2:58  Void Ray  
  35  3:04  Probe  
  40  3:09  Probe  
  41  3:24  Probe x2  
  41  3:25  Oracle  
  41  3:26  Pylon  
  43  3:40  Nexus  
  46  3:44  Probe  
  46  3:45  Probe  
  48  3:53  Gateway  
  48  3:59  Probe  
  48  4:00  Probe  
  50  4:04  Pylon  
  50  4:07  Probe  
  50  4:08  Assimilator  
  50  4:09  Assimilator  
  50  4:12  Probe  
  50  4:16  Probe  
  51  4:25  Probe  
  51  4:28  Probe  
  51  4:34  Stargate  
  51  4:37  Probe  
  52  4:40  Probe  
  52  4:41  Fleet Beacon  
  53  4:47  Adept x2  
  53  4:49  Probe x2  
  53  4:52  Probe  
  59  4:55  Shield Battery  
  59  4:57  Probe  
  60  5:01  Probe  
  60  5:04  Probe  
  63  5:07  Probe  
  63  5:09  Zealot  
  63  5:13  Probe  
  66  5:16  Probe  
  66  5:17  Carrier  
  66  5:19  Probe  
  68  5:24  Pylon  
  68  5:25  Probe  
  75  5:29  Probe  
  75  5:31  Probe  
  75  5:37  Adept x2  
  75  5:40  Pylon  
  77  5:45  Probe x3  
  77  5:47  Carrier, Assimilator  
  80  5:52  Assimilator  
  80  5:59  Probe x2  
  88  6:12  Twilight Council  
  88  6:14  Probe x3  
  88  6:16  Pylon  
  91  6:19  Carrier  
  91  6:29  Pylon  
  91  6:31  Forge  
  91  6:32  Carrier  
  91  6:36  Pylon  
  91  6:37  Probe x2  
  91  6:38  Probe  
  91  6:39  Charge  
  100  6:42  Pylon  
  100  6:44  Pylon  
  100  6:46  Pylon  
  100  6:50  Gateway  
  100  6:52  Gateway  
  106  6:55  Templar Archives  
  106  6:56  Gateway  
  106  7:03  Gateway x2  
  106  7:05  Photon Cannon  
  106  7:06  Sentry  
  108  7:09  Photon Cannon  
  108  7:11  Protoss Ground Weapons Level 1  
  108  7:15  Psionic Storm  
  108  7:16  Zealot  
  108  7:31  Gateway  
  108  7:34  Gateway  
  108  7:35  High Templar  
  108  7:39  High Templar  
  108  7:40  Mothership  
  108  7:43  Photon Cannon  
  118  8:00  Zealot x4  
  118  8:01  Zealot  
  128  8:10  Pylon  
  128  8:27  Photon Cannon  
  127  8:35  Carrier x2  
  127  8:37  High Templar  
  141  8:43  Nexus  
  141  8:45  Photon Cannon  
  141  8:47  Shield Battery  
  141  8:51  Robotics Facility  
  141  8:53  Protoss Air Weapons Level 1  
  141  8:55  Probe, Photon Cannon  
  141  8:56  Shield Battery  
  142  9:12  Pylon  
  142  9:14  Pylon  
  142  9:15  Probe x3, Pylon  
  145  9:22  Assimilator  
  145  9:26  Zealot x2  
  137  9:40  Probe  
  137  9:41  Zealot x2  
  137  9:42  Zealot  
  137  9:43  High Templar x2  
  137  9:44  Void Ray  
  137  9:45  Void Ray  
  141  9:46  High Templar x2  
  141  9:47  Zealot x2  
  157  9:55  Archon  
  157  9:58  Probe  
  157  9:59  Probe x3  
  161  10:02  Photon Cannon  
  161  10:06  Observer  
  162  10:12  Stalker x2  
  162  10:13  Stalker, Zealot x2  
  168  10:16  Probe  
  155  10:25  High Templar x2  
  155  10:28  Probe  
  156  10:32  Archon  
  163  10:37  Photon Cannon  
  163  10:39  Nexus, Observer, Void Ray  
  163  10:40  Void Ray  
  163  10:43  Zealot x2  
  163  10:44  Zealot  
  167  10:58  High Templar x2  
  167  11:02  Archon, Pylon  
  171  11:07  Zealot  
  167  11:13  Nexus, Probe  
  167  11:16  Zealot x5  
  167  11:25  Probe  
  166  11:39  Nexus  
  166  11:45  Pylon  
  166  11:47  Pylon  
  166  11:49  Pylon  
  166  11:53  Pylon  
  166  11:58  Photon Cannon  
  166  12:03  Probe  
  166  12:05  High Templar x2  
  166  12:06  High Templar x2, Pylon  
  166  12:07  High Templar x2  
  179  12:11  Archon x2  
  179  12:12  Archon  
  179  12:15  Zealot x2  
  178  12:30  Probe  
  174  12:38  Zealot x5  
  137  13:13  Zealot x2  
  137  13:14  Zealot x6  
  133  13:33  Observer  
  131  13:35  Probe  
  132  13:45  Zealot x8  
  138  14:02  Assimilator  
  136  14:03  Assimilator  
  136  14:09  High Templar  
  134  14:10  High Templar x6  
  134  14:11  High Templar  
Show
View Real Time Build Order
Export as new Build Order

Scarlett Zerg 

Build Orders: Hatch First 

Get SALT Encoding   

  12  0:00  Drone  
  13  0:07  Drone  
  14  0:14  Extractor, Drone  
  15  0:22  Overlord  
  15  0:40  Drone  
  16  0:44  Hatchery  
  16  0:49  Drone  
  16  0:53  Drone  
  16  0:55  Drone  
  18  1:07  Extractor  
  17  1:11  Spawning Pool  
  17  1:14  Drone  
  17  1:16  Drone  
  18  1:29  Drone  
  19  1:38  Drone  
  20  1:47  Drone  
  21  1:58  Queen x2, Zergling x2  
  26  2:03  Overlord  
  26  2:08  Drone  
  26  2:10  Drone  
  28  2:16  Metabolic Boost  
  28  2:22  Drone x2  
  30  2:29  Zergling x2  
  31  2:35  Queen  
  33  2:43  Hatchery  
  32  2:47  Overlord  
  32  2:50  Drone  
  33  2:52  Zergling x2  
  33  2:54  Zergling x2  
  35  2:58  Overlord  
  36  3:05  Drone  
  36  3:07  Drone  
  36  3:08  Drone x2  
  36  3:09  Drone  
  40  3:14  Drone x2  
  42  3:20  Queen  
  42  3:22  Drone  
  42  3:26  Drone  
  46  3:29  Overlord  
  46  3:36  Queen  
  46  3:37  Drone  
  46  3:39  Drone  
  46  3:40  Drone  
  51  3:44  Spore Crawler  
  51  3:45  Spore Crawler  
  49  3:49  Overlord  
  49  3:51  Overlord  
  49  3:55  Drone x2  
  51  4:01  Drone x3  
  54  4:09  Zergling x8  
  56  4:17  Drone x5  
  60  4:25  Drone  
  60  4:26  Drone x3  
  60  4:28  Spore Crawler  
  62  4:33  Drone  
  62  4:38  Overlord  
  64  4:39  Drone  
  64  4:42  Lair  
  65  4:47  Roach Warren, Drone x4  
  65  4:48  Evolution Chamber  
  65  4:50  Drone  
  65  4:51  Drone x2  
  71  4:55  Extractor  
  71  4:56  Drone  
  71  5:03  Drone x9  
  71  5:06  Extractor  
  79  5:07  Extractor  
  77  5:15  Hatchery  
  77  5:20  Drone x5  
  79  5:24  Zerg Melee Weapons Level 1  
  79  5:25  Baneling Nest  
  78  5:31  Drone x4  
  78  5:34  Spore Crawler  
  80  5:36  Overlord, Drone x2  
  82  5:45  Overlord  
  82  5:47  Extractor  
  82  5:48  Extractor  
  82  5:49  Overlord  
  80  5:52  Drone  
  80  5:53  Overlord, Hydralisk Den  
  80  5:54  Overlord  
  80  5:55  Zergling x8  
  80  5:56  Overlord  
  84  5:57  Overseer  
  84  5:58  Drone  
  84  5:59  Drone, Zergling x4  
  88  6:07  Drone x2  
  88  6:09  Spore Crawler  
  89  6:12  Zergling x10  
  89  6:15  Centrifugal Hooks  
  89  6:16  Hatchery  
  93  6:22  Muscular Augments  
  93  6:23  Hydralisk x3  
  99  6:29  Hydralisk x3  
  105  6:35  Overlord  
  105  6:36  Drone x3  
  108  6:41  Drone x2  
  110  6:50  Drone x6  
  116  6:55  Spire  
  116  6:59  Drone x7  
  116  7:00  Extractor  
  121  7:02  Extractor  
  120  7:11  Overlord x4  
  117  7:23  Drone x4, Spore Crawler  
  117  7:24  Drone x2  
  117  7:28  Zerg Melee Weapons Level 2  
  122  7:30  Hydralisk x8  
  138  7:44  Overlord x2  
  138  7:45  Overlord x2  
  138  7:46  Grooved Spines  
  138  7:47  Zergling x22  
  149  8:01  Corruptor  
  149  8:02  Corruptor x6  
  162  8:06  Zerg Flyer Armor Level 1  
  162  8:17  Corruptor x3  
  168  8:20  Drone  
  168  8:26  Corruptor x2  
  170  8:27  Zergling x2  
  170  8:28  Zergling x20  
  180  8:37  Extractor  
  180  8:38  Extractor  
  180  8:39  Drone x5  
  180  8:40  Drone, Corruptor x2  
  188  8:41  Overlord  
  188  8:44  Corruptor  
  190  8:50  Corruptor  
  190  8:51  Corruptor  
  193  8:58  Spine Crawler  
  193  8:59  Overlord  
  193  9:00  Overseer  
  193  9:01  Zergling x16  
  200  9:07  Baneling  
  200  9:08  Baneling x3  
  200  9:09  Baneling  
  200  9:14  Baneling x15  
  200  9:15  Baneling  
  200  9:16  Baneling  
  200  9:21  Evolution Chamber  
  199  9:24  Zergling x2  
  199  9:25  Baneling x10  
  190  9:42  Zergling x46  
  190  9:44  Zerg Missile Weapons Level 1  
  198  9:48  Spire  
  198  9:52  Overseer  
  195  9:53  Zerg Ground Armor Level 1, Corruptor  
  195  9:54  Corruptor  
  199  10:02  Zergling x2  
  200  10:08  Unknown, Hatchery  
  195  10:15  Corruptor x2  
  192  10:26  Corruptor  
  192  10:27  Corruptor x5  
  200  10:33  Zerg Flyer Weapons Level 1  
  179  10:59  Zergling x40  
  179  11:01  Zerg Flyer Armor Level 2  
  199  11:04  Infestation Pit  
  183  11:20  Zergling x42  
  192  11:27  Zergling x2  
  192  11:28  Zergling x20  
  191  11:38  Hydralisk x3  
  191  11:39  Zergling x16  
  199  11:42  Baneling x24  
  199  12:05  Overlord  
  175  12:26  Hatchery  
  175  12:28  Corruptor x10  
  179  12:44  Corruptor x5  
  146  13:11  Hydralisk x14  
  132  13:17  Hydralisk x2  
  94  13:30  Hydralisk x4  
  96  13:46  Hydralisk x4  
  94  13:52  Hydralisk  
  80  13:59  Hydralisk  
  74  14:09  Hydralisk x2  
Tags
 
Add a new tag
Caveats
  • Supply blocks, unpowered buildings, or Contaminate may cause inaccurate times.
  • Supply counts are checked every 10 seconds.